 Dungeon Crawl Stone Soup version 0.25-a0-632-g7713895 (webtiles) character file.

Game seed: 2037120359544957060, levelgen mode: deterministic

618 robertstho the Ruffian (level 7, -13/67 HPs)
             Began as a Troll Fighter on Mar 19, 2020.
             Mangled by an ogre
             ... wielding a +0 giant spiked club
              (34 damage)
             ... on level 5 of the Dungeon.
             The game lasted 00:03:42 (2519 turns).

robertstho the Ruffian (Troll Fighter)              Turns: 2519, Time: 00:03:42

Health: -13/67     AC:  8    Str: 27    XL:     7   Next: 21%
Magic:  6/6        EV:  9    Int:  5    God:
Gold:   177        SH:  9    Dex: 10    Spells: 6/6 levels left

rFire    . . .     SeeInvis .     - Unarmed
rCold    . . .     Gourm    +   b - +0 kite shield
rNeg     . . .     Faith    .   a - +0 robe
rPois    .         Spirit   .   (helmet restricted)
rElec    .         Reflect  .   (no cloak)
rCorr    .         Harm     .   (gloves unavailable)
MR       .....                  (boots unavailable)
Stlth    +.........             (no amulet)
HPRegen  0.61/turn              (no ring)
MPRegen  0.10/turn              (no ring)

@: mighty, very slightly contaminated, invisible
A: large, unfitting armour, claws 3, molten scales 1, fast metabolism 3,
gourmand, regeneration 1, shaggy fur 1, strong 1, tough skin 3
a: no special abilities


You were on level 5 of the Dungeon.
You were full.

You visited 1 branch of the dungeon, and saw 5 of its levels.

You collected 177 gold pieces.

Inventory:

Armour
 a - a +0 robe (worn)
 b - a +0 kite shield (worn)
Jewellery
 g - an uncursed ring of protection from cold {unknown}
Wands
 k - a wand of random effects (16)
Scrolls
 e - 3 scrolls of teleportation
 l - a scroll of random uselessness {unknown}
 m - a scroll of fear {unknown}
 o - 2 scrolls of enchant weapon
 q - a scroll of magic mapping {unknown}
 t - a scroll of amnesia
 u - a scroll of enchant armour {unknown}
Potions
 f - a potion of stabbing {unknown}
 h - a potion of cancellation
 i - a potion of haste {unknown}
 j - a potion of mutation
 n - a potion of curing
 r - a potion of flight
 s - a potion of heal wounds {unknown}
 v - a potion of ambrosia {unknown}
Comestibles
 d - 6 rations


   Skills:
 * Level 3.4 Fighting
 + Level 3.3 Dodging
 + Level 0.8 Stealth
 + Level 3.3 Shields
 * Level 6.0 Unarmed Combat


You had 6 spell levels left.
You didn't know any spells.
Your spell library was empty.

Dungeon Overview and Level Annotations

Branches:
Dungeon (4/15)
 Temple: D:4-7

Altars:


Innate Abilities, Weirdness & Mutations

You are too large for most types of armour.
You have claws for hands.
Your metabolism is lightning-fast.
You like to eat raw meat.
Your natural rate of healing is unusually fast.
You are covered in fur. (AC +1)
You have extremely tough skin. (AC +3)
You are partially covered in molten scales. (AC +2)
Your muscles are strong. (Str +2)


Message History

You mangle the adder!!
You kill the adder!
Your Unarmed Combat skill increases to level 6!
You hear an angry hiss.
The orc closely misses you.
You claw the orc!
You kill the orc!
It was a potion of mutation.
You feel extremely strange.
Molten scales grow over part of your body.
You feel stronger. You block the orc's attack.
It was a potion of curing.
You feel better. The orc closely misses you.
An adder comes into view.
You mangle the orc!!
You kill the orc!
You barely miss the ogre. You block the ogre's attack.
You closely miss the ogre.
The ogre hits you with a +0 giant spiked club!!
Ouch! That really hurt!
You die...

#.######
#
#.#######
#........
#........
#........
#ooo<....
#oo..c...
#O####.c.
#@# .#.
#†# # #.#
#.# #.#
#.# #.#
... ...


You could see an ogre, an orc priest and 4 orcs.

Vanquished Creatures
  A water moccasin (D:5)
  A phantom (D:4)
  An ogre (D:3)
  A centaur (D:5)
  A howler monkey (D:5)
  An orc wizard (D:5)
  An iguana (D:5)
  2 worker ants
  3 adders
  3 gnolls
  An ooze (D:3)
  A worm (D:2)
  A dart slug (D:1)
  2 leopard geckos
  3 orcs
  3 giant cockroaches
  4 goblins
  4 hobgoblins
  3 jackals (D:1)
  A quokka (D:2)
  9 bats
  6 frilled lizards
  3 kobolds
  2 rats
58 creatures vanquished.

Notes
Turn   | Place    | Note
-------+----------+-------------------------------------------
     0 | D:1      | robertstho the Troll Fighter began the quest for the Orb.
     0 | D:1      | Reached XP level 1. HP: 22/22 MP: 0/0
   166 | D:1      | Reached XP level 2. HP: 29/29 MP: 1/1
   910 | D:2      | Reached XP level 3. HP: 36/36 MP: 2/2
  1588 | D:2      | Reached skill level 3 in Unarmed Combat
  1588 | D:2      | Reached XP level 4. HP: 22/44 MP: 3/3
  1880 | D:3      | Noticed an ogre
  1888 | D:3      | Killed an ogre
  1888 | D:3      | Reached XP level 5. HP: 43/52 MP: 4/4
  1950 | D:3      | Reached skill level 4 in Unarmed Combat
  2312 | D:4      | Noticed a phantom
  2327 | D:4      | Killed a phantom
  2327 | D:4      | Reached XP level 6. HP: 42/61 MP: 5/5
  2470 | D:4      | You fall into a shaft and drop 1 floor!
  2470 | D:5      | Entered Level 5 of the Dungeon
  2470 | D:5      | Noticed a water moccasin
  2496 | D:5      | Killed a water moccasin
  2496 | D:5      | Reached skill level 5 in Unarmed Combat
  2503 | D:5      | Reached XP level 7. HP: 35/67 MP: 6/6
  2513 | D:5      | Reached skill level 6 in Unarmed Combat
  2515 | D:5      | Gained mutation: You are partially covered in molten
                  | scales. (AC +2) [potion of mutation]
  2515 | D:5      | Gained mutation: Your muscles are strong. (Str +2) [potion
                  | of mutation]
  2519 | D:5      | Mangled by an ogre

Levels and vault maps discovered:
D:1:      minmay_arrival_arboretum_small, layout_basic
D:2:      layout_loops_cross, grunt_ministairs_4
D:3:      layout_loops_ring, first_ration
D:4:      layout_loops_corners, grunt_temple_overflow_bloody_war,
          minmay_temple_entry_poolview, chequers_mini_garden, minmay_lizard_king
D:5:      layout_rooms, lemuel_doored_altar, old_standard_altar,
          ashenzari_conservatory_becter, gammafunk_temple_overflow_statue,
          gup_sewer_entry_glass

Skill      XL: |  1  2  3  4  5  6  7 |
---------------+----------------------+-----
Dodging        | 3 |  3.3
Unarmed Combat | 3 4 5 6 |  6.0
Shields        | 3 |  3.3
Fighting       | 3 |  3.4
Stealth        | |  0.8

Action                   |  1- 3 |  4- 6 |  7- 9 || total
-------------------------+-------+-------+-------++-------
Melee: Unarmed           |   107 |    63 |    13 ||   183
  Use: Scroll            |       |     7 |       ||     7
       Potion            |       |     1 |     3 ||     4
 Stab: Sleeping          |     3 |       |       ||     3
  Eat: Chunk             |    20 |     6 |       ||    26
Armor: Robe              |    38 |    12 |     2 ||    52
Dodge: Dodged            |    40 |    22 |     6 ||    68
Block: Kite shield       |    44 |    24 |     4 ||    72

Table legend:
 A = Non-vault XP
 B = Vault XP
 C = Vault XP percentage of total XP
 D = Non-vault monster count
 E = Vault monster count
 F = Vault count percentage of total count
                 A         B        C        D         E       F
            +---------+---------+-------+---------+---------+-------
      Total |     869 |      15 |   1.7 |      56 |       2 |   3.4
            +---------+---------+-------+---------+---------+-------
        D:1 |      28 |       0 |   0.0 |      16 |       0 |   0.0
        D:2 |      43 |      15 |  25.9 |      16 |       2 |  11.1
        D:3 |     182 |       0 |   0.0 |      13 |       0 |   0.0
        D:4 |     160 |       0 |   0.0 |       2 |       0 |   0.0
        D:5 |     456 |       0 |   0.0 |       9 |       0 |   0.0
            +---------+---------+-------+---------+---------+-------
